 Dungeon Crawl Stone Soup version 0.20-b1-2-gc5a9893 (webtiles) character file.

230 turnburgler the Shield-Bearer (level 5, -1/46 HPs)
             Began as a Minotaur Fighter on May 21, 2017.
             Killed from afar by Sigmund (6 damage)
             ... with a magic dart
             ... on level 3 of the Dungeon.
             The game lasted 00:11:55 (2649 turns).

turnburgler the Shield-Bearer (Minotaur Fighter)    Turns: 2649, Time: 00:11:56

Health: -1/46      AC:  3    Str: 21    XL:     5   Next: 72%
Magic:  4/4        EV:  9    Int:  5    God:
Gold:   159        SH: 10    Dex: 10    Spells: 4/4 levels left

rFire    . . .     SeeInvis .   a - +1 war axe
rCold    . . .     Gourm    .   c - +0 shield
rNeg     . . .     Faith    .   w - +0 animal skin
rPois    .         Spirit   .   (helmet restricted)
rElec    .         Reflect  .   (no cloak)
rCorr    .         Harm     .   y - +0 pair of gloves
MR       .....                  (no boots)
Stlth    +.........             (no amulet)
Regen    0.2/turn               (no ring)
MPRegen  0.1/turn               (no ring)

@: very slightly contaminated
A: retaliatory headbutt, horns 2
a: no special abilities


You were on level 3 of the Dungeon.
You were hungry.

You visited 1 branch of the dungeon, and saw 3 of its levels.

You collected 159 gold pieces.

Inventory:

Hand Weapons
 a - a +1 war axe (weapon)
 B - a cursed -3 dagger
 C - a +4 dagger
 D - a cursed -3 dagger
Missiles
 j - 6 curare-tipped needles
 u - 63 stones (quivered)
 v - 41 arrows
Armour
 b - a +0 scale mail
 c - a +0 shield (worn)
 w - a +0 animal skin (worn)
 y - a +0 pair of gloves (worn)
Scrolls
 e - a scroll of magic mapping {unknown}
 h - 4 scrolls of remove curse
 l - 2 scrolls of fear {unknown}
 n - 3 scrolls of teleportation
 p - a scroll of blinking
 q - a scroll of amnesia {unknown}
 r - 5 scrolls of identify
 s - a scroll of enchant weapon
 t - a scroll of noise {unknown}
 x - 2 scrolls of immolation {unknown}
 E - a scroll of enchant armour {unknown}
Potions
 d - a potion of might
 i - a potion of flight {unknown}
 k - a potion of magic
 m - a potion of lignification
 o - a potion of heal wounds {unknown}
 A - 2 potions of invisibility {unknown}
Comestibles
 f - a bread ration
 g - 7 chunks of flesh
 z - a royal jelly


   Skills:
 + Level 4.1 Fighting
 * Level 5.1 Axes
 * Level 4.6 Armour
 - Level 0.2 Dodging
 - Level 0.1 Stealth
 + Level 5.1 Shields


You had 4 spell levels left.
You didn't know any spells.

Dungeon Overview and Level Annotations

Branches:
Dungeon (3/15)

Altars:
Ashenzari
Trog

Annotations:
D:3 Sigmund


Innate Abilities, Weirdness & Mutations

You reflexively headbutt those who attack you in melee.
You have a pair of horns on your head.


Message History

You cannot move.
Something hits you.
* * * LOW HITPOINT WARNING * * *
A magic dart appears from out of thin air!
The magic dart hits you! Something hits you but does no damage.
You cannot move.
You feel less wooden.
Your +0 pair of gloves unmelds from your body.
Your +0 animal skin unmelds from your body.
Something hits you!
* * * LOW HITPOINT WARNING * * *
Blink to where?
Press: ? - help, Dir - move target cursor You are very lightly contaminated with residual magic.
As you read the scroll labeled ONOANE QURRIWNOI, it crumbles to dust.
It was a scroll of blinking.
A magic dart appears from out of thin air!
The magic dart hits you!
You die...

................# #.#
####..........#.# #.#
####.#######.##.# #.#
...#.# #.##.# #.# ##.#.#
#.##.# #.#
##.#.#######.##.# #.#
...#.......#.##.# #.#
##########.#.##.## #.#
##########.#....@# #.#
.............##.## #.#
############.##{#######.#
...............o........#
###############.#########
#.# #.# #.# #.#


You could see an orc.

Vanquished Creatures
  2 orc wizards (D:3)
  Robin (D:2)
  3 gnolls (D:2)
  6 adders
  A worm (D:2)
  2 dart slugs (D:1)
  A leopard gecko (D:3)
  6 orcs (D:3)
  3 giant cockroaches
  14 goblins
  5 hobgoblins
  2 quokkas (D:3)
  6 bats
  3 frilled lizards
  8 kobolds
  7 rats
70 creatures vanquished.

Notes
Turn   | Place    | Note
-------+----------+-------------------------------------------
     0 | D:1      | turnburgler the Minotaur Fighter began the quest for the Orb.
     0 | D:1      | Reached XP level 1. HP: 19/19 MP: 0/0
    91 | D:1      | Reached XP level 2. HP: 27/27 MP: 1/1
   732 | D:2      | Found a faded altar of an unknown god.
   831 | D:2      | Reached XP level 3. HP: 17/33 MP: 2/2
  1068 | D:2      | Noticed Robin
  1098 | D:2      | Killed Robin
  1173 | D:2      | Reached XP level 4. HP: 25/40 MP: 3/3
  1219 | D:2      | Found a bloodstained altar of Trog.
  1645 | D:2      | Reached skill level 5 in Shields
  2059 | D:3      | Reached XP level 5. HP: 43/46 MP: 4/4
  2188 | D:3      | Found a shattered altar of Ashenzari.
  2582 | D:3      | Noticed Sigmund
  2616 | D:3      | Reached skill level 5 in Axes
  2649 | D:3      | Killed from afar by Sigmund

Skill      XL: |  1  2  3  4  5 |
---------------+----------------+-----
Shields        | 4 5 |  5.1
Axes           | 3 4 5 |  5.1
Armour         | 4 |  4.6
Fighting       | 4 |  4.1
Dodging        | |  0.2
Stealth        | |  0.1

Action                   |  1- 3 |  4- 6 || total
-------------------------+-------+-------++-------
Melee: War axe           |    83 |    82 ||   165
       Headbutt          |    10 |    13 ||    23
  Use: Scroll            |       |     4 ||     4
       Potion            |       |     2 ||     2
  Eat: Chunk             |     1 |     4 ||     5
Armor: Scale mail        |    36 |       ||    36
       Animal skin       |       |     6 ||     6
       Skin              |       |    14 ||    14
Dodge: Dodged            |    29 |    27 ||    56
Block: Shield            |    51 |    46 ||    97
